 Dungeon Crawl Stone Soup version 0.24-a0-244-ga6a6ab7d13 (webtiles) character file.

Game seed: 17892953306540799432

112 Redear the Shield-Bearer (level 4, -3/29 HPs)
             Began as a Gargoyle Fighter on Apr 11, 2019.
             Slain by a mummy (9 damage)
             ... in an ossuary.
             The game lasted 00:03:42 (2713 turns).

Redear the Shield-Bearer (Gargoyle Fighter)         Turns: 2713, Time: 00:03:42

Health: -3/29      AC: 10    Str: 19    XL:     4   Next: 95%
Magic:  4/4        EV:  9    Int:  9    God:
Gold:   115        SH:  0    Dex: 10    Spells: 3/3 levels left

rFire    . . .     SeeInvis .   a - +0 war axe
rCold    . . .     Gourm    .   (no shield)
rNeg     + . .     Faith    .   b - +0 scale mail
rPois    ∞         Spirit   .   (no helmet)
rElec    +         Reflect  .   (no cloak)
rCorr    .         Harm     .   (no gloves)
MR       .....                  (no boots)
Stlth    ..........             (no amulet)
HPRegen  0.09/turn              (no ring)
MPRegen  0.09/turn              (no ring)

@: marked
A: negative energy resistance 1, electricity resistance, unbreathing,
petrification resistance, rot immunity, AC +3
a: no special abilities


You were in an ossuary.
You were very hungry.

You visited 1 branch of the dungeon, and saw 4 of its levels.
You also visited: Ossuary.

You collected 115 gold pieces.

Inventory:

Hand Weapons
 a - a +0 war axe (weapon)
 k - a +3 short sword of venom
Armour
 b - a +0 scale mail (worn)
 c - a +0 shield
Jewellery
 l - an uncursed ring of protection from cold {unknown}
Scrolls
 e - a scroll of enchant armour {unknown}
 f - 6 scrolls of identify {unknown}
 g - a scroll of teleportation {unknown}
 i - a scroll of blinking {unknown}
 j - a scroll of amnesia {unknown}
 q - a scroll of immolation {unknown}
Potions
 d - 2 potions of might {Str+5 DMG+1d10 | @q3}
 h - a potion of brilliance {unknown}
 m - a potion of berserk rage {unknown}
 n - 2 potions of heal wounds {unknown}
 o - a potion of mutation {unknown}
 p - a potion of curing {unknown}
Comestibles
 z - 2 rations


   Skills:
 + Level 4.1 Fighting
 + Level 2.6 Axes
 + Level 4.1 Armour
 + Level 4.1 Shields


You had 3 spell levels left.
You didn't know any spells.
Your spell library contained the following spells:

 Spells                   Type           Power        Failure   Level  Hunger
 Corona                   Hex            #......      75%         1    ##.....
 Ensorcelled Hibernation  Hex/Ice        #.....       87%         2    ###....
 Confuse                  Hex            #.......     98%         3    ####...
 Dazzling Spray           Conj/Hex       #.....       98%         3    ####...
 Tukima's Dance           Hex            #.......     98%         3    ####...


Dungeon Overview and Level Annotations

Branches:
Dungeon (4/15)
 Temple: D:4-7

Altars:


Innate Abilities, Weirdness & Mutations

You are resistant to torment.
Your stone body is resilient. (AC +3)
You are immune to poison.
You resist negative energy. (rN+)
You are resistant to electric shocks. (rElec)
You can survive without breathing.
You are immune to petrification.
You are immune to rotting.


Message History

Unknown command.
You slash the human zombie!
The human zombie is moderately damaged.
The human zombie hits you but does no damage.
Unknown command.
You hit the mummy.
The mummy is moderately damaged.
You hit the human zombie.
The human zombie hits you but does no damage.
The mummy hits you but does no damage.
You hit the mummy.
The mummy is heavily damaged.
You hit the human zombie. The human zombie hits you. The mummy hits you!
You take 16 damage, and have 10/29 hp.
MASSIVE DAMAGE!!
You hit the mummy.
The mummy is heavily damaged.
You barely miss the human zombie. The human zombie hits you.
* * * LOW HITPOINT WARNING * * *
The mummy hits you!
You die...

#....................#
#....................#
#........8..8........#
#....................#
#...######^.######...#
#...# #..# #...# #...#
#.^# #...#
#...#.####Z^####.#...#
#...#ZZM@ZZZ.....#...#
#...#.####MZ.....#...#
#...# #.Z.....#...#
#...# #.......#...#
#...# #.∩.....#...#
#...# ....+####...#
#...# #...# #...#
#...# #...# #...#
#...##############...#


You could see 2 mummies, an adder zombie, a jackal zombie, a kobold zombie, an
orc zombie, 2 elf zombies and 2 human zombies.

Vanquished Creatures
  An adder (D:3)
  An ooze (D:3)
  3 worms (D:3)
  2 orcs (D:3)
  3 giant cockroaches
  13 goblins
  10 hobgoblins
  3 jackals (D:4)
  5 kobolds
  A quokka (D:4)
  2 ball pythons
  10 bats
  3 frilled lizards
  9 hobgoblin zombies (Ossuary)
  9 kobold zombies (Ossuary)
  4 orc zombies (Ossuary)
  A quokka skeleton (D:2)
  12 rats
92 creatures vanquished.

Notes
Turn   | Place    | Note
-------+----------+-------------------------------------------
     0 | D:1      | Redear the Gargoyle Fighter began the quest for the Orb.
     0 | D:1      | Reached XP level 1. HP: 14/14 MP: 1/1
   371 | D:1      | Reached skill level 2 in Axes
   371 | D:1      | Reached XP level 2. HP: 15/19 MP: 2/2
  1028 | D:2      | Reached XP level 3. HP: 23/23 MP: 3/3
  1842 | D:3      | Reached XP level 4. HP: 14/29 MP: 4/4
  2079 | D:3      | Reached skill level 4 in Armour
  2079 | D:3      | Reached skill level 4 in Shields
  2085 | D:3      | Reached skill level 4 in Fighting
  2593 | D:4      | Found a sand-covered staircase.
  2602 | Ossuary  | Entered an ossuary
  2713 | Ossuary  | Slain by a mummy

Levels and vault maps discovered:
D:1:      grunt_arrival_crossed_arrows, layout_basic, minmay_split_cup_small
D:2:      layout_loops_ring
D:3:      layout_basic, first_ration
D:4:      layout_loops_cross, nicolae_ossuary_entry_monument, uniq_ijyb
Ossuary:  ossuary_tomb_1

Skill      XL: |  1  2  3  4 |
---------------+-------------+-----
Axes           | 2 |  2.6
Armour         | 4 |  4.1
Shields        | 4 |  4.1
Fighting       | 4 |  4.1

Action                   |  1- 3 |  4- 6 || total
-------------------------+-------+-------++-------
Melee: War axe           |   153 |   140 ||   293
  Eat: Chunk             |     3 |     2 ||     5
Armor: Scale mail        |   113 |    83 ||   196
Dodge: Dodged            |    86 |    55 ||   141
Block: Shield            |     3 |       ||     3

Table legend:
 A = Non-vault XP
 B = Vault XP
 C = Vault XP percentage of total XP
 D = Non-vault monster count
 E = Vault monster count
 F = Vault count percentage of total count
                 A         B        C        D         E       F
            +---------+---------+-------+---------+---------+-------
      Total |     134 |      27 |  16.8 |      67 |      25 |  27.2
            +---------+---------+-------+---------+---------+-------
        D:1 |      22 |       5 |  18.5 |      14 |       3 |  17.6
        D:2 |      32 |       0 |   0.0 |      22 |       0 |   0.0
        D:3 |      72 |       0 |   0.0 |      27 |       0 |   0.0
        D:4 |       8 |       0 |   0.0 |       4 |       0 |   0.0
    Ossuary |       0 |      22 | 100.0 |       0 |      22 | 100.0
            +---------+---------+-------+---------+---------+-------
